 Dungeon Crawl Stone Soup version 0.29-a0-284-gf9362112df (webtiles) character file.

Game seed: 12742109524994436270

5 spaghetti the Sneak (level 1, 2/13 HPs)
             Began as a Deep Elf Delver on Mar 22, 2022.
             Quit the game on level 5 of the Dungeon.
             The game lasted 00:00:43 (402 turns).

spaghetti the Sneak (Deep Elf Delver)                Turns: 402, Time: 00:00:44

Health: 2/13       AC:  3    Str:  9    XL:     1   Next: 66%
Magic:  3/3        EV: 12    Int: 14    God:
Gold:   4          SH:  0    Dex: 16    Spells: 0/0 levels left

rFire   . . .      SeeInvis .   a - +0 short sword {short}
rCold   . . .      Faith    .   (no shield)
rNeg    . . .      Spirit   .   b - +0 leather armour
rPois   .          Reflect  .   (no helmet)
rElec   .          Harm     .   (no cloak)
rCorr   .          Rampage  .   (no gloves)
Will    .....                   (no boots)
Stlth   +++.......              (no amulet)
HPRegen 0.04/turn               (no ring)
MPRegen 0.08/turn               (no ring)

@: lethally poisoned (2 -> 0)
A: no striking features
a: no special abilities


You were on level 5 of the Dungeon.
You visited 1 branch of the dungeon, and saw 2 of its levels.

You collected 4 gold pieces.


   Skills:
 - Level 2.4 Fighting
 - Level 2.0 Short Blades
 - Level 2.4 Dodging
 + Level 6.4 Stealth


You couldn't memorise any spells.
You didn't know any spells.
Your spell library was empty.

Inventory:

Hand Weapons
 a - a +0 short sword (weapon) {short}
Armour
 b - a +0 leather armour (worn)
Wands
 g - a wand of digging (3)
Scrolls
 c - a scroll of fog
 d - a scroll of magic mapping {!r}

Dungeon Overview and Level Annotations

Branches:
Dungeon (6/15)
 Temple: D:4-7

Altars:

Annotations:
D:5 Grinder

#.# #.# #.# #.#
#.# # #.#####
.#.#.#####....S#
...........@#
.#.#.##.#####
#.# #S# #.# #.#
#.# #.# #.#


You could see an adder (fleeing).


Message History

😮 HP[+1]
The ufetubus attacks as you move away! The ufetubus barely misses you.
The ufetubus closely misses you. The ufetubus attacks as you move away!
The ufetubus misses you. x2
There is a stone staircase leading down here.
The ufetubus hits you.
The ufetubus hits you but does no damage.
You climb downwards.
There is a stone staircase leading up here. 😮 HP[-1]
You take 1 damage, and now have 7/13 hp.
Unknown command.
Unknown command.
Unknown command.
You aren't carrying any potions.
You barely miss the ufetubus. The ufetubus misses you.
The ufetubus hits you but does no damage.
You hit the ufetubus. The ufetubus hits you.
* * * LOW HITPOINT WARNING * * *
The ufetubus misses you. 😨 HP[-2]
You take 2 damage, and now have 5/13 hp.
You closely miss the ufetubus. The ufetubus hits you.
* * * LOW HITPOINT WARNING * * *
The ufetubus hits you but does no damage. 😱 HP[-3]
You take 3 damage, and now have 2/13 hp.
MASSIVE DAMAGE!! (PAUSE)
You hit the ufetubus but do no damage.
The ufetubus hits you but does no damage.
The ufetubus barely misses you.
You hit the ufetubus.
You kill the ufetubus!
You start resting.
Your extra speed is starting to run out.
You feel yourself slow down.
Unknown command. 😮 HP[+7]
You regained 7 hp, and now have 9/13 hp.
You start resting. 😎 HP[+4]
Your hp is fully restored (13).
f - a scroll labelled VIANLY QERUE You now have 4 gold pieces. 2 orc wizards come into view.
An orc priest and an orc come into view.
The orc priest shouts!
The orc wizard shouts!
The orc wizard hits you with a +0 dagger. 😕 HP[-2]
You take 2 damage, and now have 11/13 hp.
You hit the orc wizard but do no damage.
The orc wizard closely misses you.
The orc wizard gestures at you while chanting.
The puff of flame misses you.
The orc priest looks satisfied for a moment.
The orc wizard attacks as you move away!
The orc wizard hits you with a +0 dagger.
The orc wizard attacks as you move away!
The orc wizard hits you with a +0 dagger.
The orc wizard casts a spell at you. The puff of flame misses you. 😮 HP[-3]
You take 3 damage, and now have 8/13 hp.
MASSIVE DAMAGE!! (PAUSE)
The orc wizard attacks as you move away!
The orc wizard hits you with a +0 dagger.
* * * LOW HITPOINT WARNING * * *
😨 HP[-3]
You take 3 damage, and now have 5/13 hp.
MASSIVE DAMAGE!! (PAUSE)
There is a stone staircase leading up here.
You climb upwards.
Level annotation: Grinder The adder bites you but does no damage.
The adder bites you.
* * * LOW HITPOINT WARNING * * *
You are lethally poisoned!
The adder poisons you!
There is a stone staircase leading down here. 😨 HP[-1]
You take 1 damage, and now have 4/13 hp.
Unknown command.
You aren't carrying any potions.
Okay, then.
As you read the scroll of fear, it crumbles to dust.
You assume a fearsome visage.
The adder looks frightened!
* * * LOW HITPOINT WARNING * * *
You feel sick. 😱 HP[-1]
You take 1 damage, and now have 3/13 hp.
As you read the scroll labelled VIANLY QERUE, it crumbles to dust.
It is a scroll of identify.
You don't have any unidentified items.
* * * LOW HITPOINT WARNING * * *
You feel sick. 😱 HP[-1]
You take 1 damage, and now have 2/13 hp.
There is a lethal amount of poison in your body!
You are lethally poisoned (2 -> 0).
Your movement speed is average.
Your attack delay is about 1.0.
Are you sure you want to abandon this character and quit the game? (Confirm with "yes".)

Action                   || total
-------------------------++-------
Melee: Short sword       ||     6
  Use: Scroll            ||     2
       Potion            ||     1
Armor: Leather armour    ||     8
Dodge: Dodged            ||    20

Levels and vault maps discovered:
D:5:      layout_basic, uniq_grinder
D:6:      layout_basic

Notes
Turn   | Place    | Note
-------+----------+-------------------------------------------
     0 | D:5      | spaghetti the Deep Elf Delver began the quest for the Orb.
     0 | D:5      | Reached XP level 1. HP: 13/13 MP: 3/3
     0 | D:5      | magus.rc [v1.9.6]
    55 | D:5      | Noticed an iguana
    57 | D:5      | Noticed Grinder
    88 | D:6      | HP: 2/13 [ufetubus (3)]
   391 | D:6      | Noticed an orc wizard
   391 | D:6      | Noticed an orc wizard
   392 | D:6      | Noticed an orc priest
   400 | D:5      | HP: 3/13 [poisoned by an adder]
   402 | D:5      | Quit the game

Vanquished Creatures
  An ufetubus (D:6)
1 creature vanquished.

Table legend:
 A = Non-vault XP
 B = Vault XP
 C = Vault XP percentage of total XP
 D = Non-vault monster count
 E = Vault monster count
 F = Vault count percentage of total count
                 A         B        C        D         E       F
            +---------+---------+-------+---------+---------+-------
      Total |       8 |       0 |   0.0 |       1 |       0 |   0.0
            +---------+---------+-------+---------+---------+-------
        D:6 |       8 |       0 |   0.0 |       1 |       0 |   0.0
            +---------+---------+-------+---------+---------+-------

Illustrated notes

Table legend:
 A = Kills in this place as a percentage of kills in entire the game.
 B = Kills by you in this place as a percentage of kills by you in the entire game.
 C = Kills by friends in this place as a percentage of kills by friends in the entire game.
 D = Other kills in this place as a percentage of other kills in the entire game.
 E = Experience gained in this place as a percentage of experience gained in the entire game.
 F = Experience gained in this place divided by the number of levels of this place that you have seen.
                   A       B       C       D       E      F
               +-------+-------+-------+-------+-------+----------------------
         Total | 100.0 | 100.0 |   N/A |   N/A | 100.0 |   4.0
       Dungeon | 100.0 | 100.0 |   N/A |   N/A | 100.0 |   4.0
               +-------+-------+-------+-------+-------+----------------------

Table legend: (Time is in decaauts)
 A = Elapsed time spent in this place.
 B = Non-inter-level travel time spent in this place.
 C = Inter-level travel time spent in this place.
 D = Time resting spent in this place.
 E = Time spent auto-exploring this place.
 F = Levels seen in this place.
 G = Mean time per level.
                   A        B        C        D        E       F      G
               +--------+--------+--------+--------+--------+-----+--------+
         Total |    384 |    384 |      0 |    268 |     63 |   2 |  192.0 |
       Dungeon |    384 |    384 |      0 |    268 |     63 |   2 |  192.0 |
               +--------+--------+--------+--------+--------+-----+--------+

Top non-repeatable levels by time:
     D:6: 341 daAuts
     D:5: 43 daAuts
